 Dungeon Crawl Stone Soup version 0.30-a0-883-g5ad918d77d (webtiles) character file.

Game seed: 9259664166651269079

337 bmack86 the Chopper (level 6, -1/55 HPs)
             Began as a Minotaur Fighter on Mar 18, 2023.
             Slain by Duvessa
             ... wielding a +3 short sword of venom
              (11 damage)
             ... on level 4 of the Dungeon.
             The game lasted 00:07:10 (2421 turns).

bmack86 the Chopper (Minotaur Fighter)              Turns: 2421, Time: 00:07:10

Health: -1/55      AC: 11    Str: 23    XL:     6   Next: 28%
Magic:  5/5        EV:  7    Int:  5    God:
Gold:   191        SH:  4    Dex:  9    Spells: 5/5 levels left

rFire   . . .      SeeInvis .    a - +0 war axe
rCold   . . .      Faith    .    c - +0 buckler
rNeg    . . .      Spirit   .    i - +0 chain mail
rPois   .          Reflect  .    j - +2 hat
rElec   .          Rampage  .    (no cloak)
rCorr   .                        (no gloves)
Will    .....                    (no boots) Stlth
                                 f - amulet of regeneration
HPRegen 1.09/turn                (no ring)
MPRegen 0.09/turn                (no ring)

@: lit by a corona, glowing
A: horns 2, retaliatory headbutt
a: no special abilities


You were on level 4 of the Dungeon.
You visited 1 branch of the dungeon, and saw 4 of its levels.

You collected 191 gold pieces.

Inventory:

Hand Weapons
 a - a +0 war axe (weapon)
Missiles
 l - 2 boomerangs
 n - 14 poisoned darts (quivered)
Armour
 b - a +0 scale mail
 c - a +0 buckler (worn)
 i - a +0 chain mail (worn)
 j - a +2 hat (worn)
Jewellery
 f - an amulet of regeneration (around neck)
Scrolls
 g - a scroll of amnesia
 o - a scroll of teleportation {unknown}
Potions
 d - a potion of might
 e - a potion of degeneration {unknown}
 h - 2 potions of curing
 k - a potion of ambrosia
 m - a potion of haste


   Skills:
 + Level 4.8 Fighting
 * Level 5.2 Axes
 + Level 1.6 Throwing
 + Level 4.9 Armour
 + Level 4.8 Shields


You had 5 spell levels left.
You didn't know any spells.
Your spell library contained the following spells:

 Spells                   Type           Power      Damage    Failure   Level
 Blink                    Tloc           0%         N/A       100%        2
 Cigotuvi's Dreadful Rot  Necr/Pois/Air  0%         N/A       100%        2
 Lesser Beckoning         Tloc           0%         N/A       100%        2
 Momentum Strike          Conj/Tloc      0%         3d8       100%        2
 Poisonous Vapours        Pois/Air       0%         N/A       100%        2
 Call Canine Familiar     Summ           0%         N/A       100%        3
 Dazzling Flash           Conj/Hex       0%         N/A       100%        3
 Mephitic Cloud           Conj/Pois/Air  0%         N/A       100%        3
 Portal Projectile        Hex/Tloc       0%         N/A       100%        3
 Iskenderun's Mystic Bla  Conj/Tloc      0%         2d3       100%        4
 Leda's Liquefaction      Hex/Erth       0%         N/A       100%        4
 Starburst                Conj/Fire      0%         6d3       100%        6
 Borgnjor's Revivificati  Necr           0%         N/A       100%        8
 Necromutation            Tmut/Necr      0%         N/A       100%        8
 Death's Door             Necr           0%         N/A       100%        9


Dungeon Overview and Level Annotations

Branches:
Dungeon (4/15)
 Temple: D:4-7

Altars:

Shops:
D:2 [[   D:3 [

Portals:
Ossuary: D:4

Annotations:
D:4 Duvessa


Innate Abilities, Weirdness & Mutations

You have a pair of horns on your head.
You reflexively headbutt those who attack you in melee.


Message History

Dowan is severely wounded.
You closely miss Duvessa.
You feel less wooden.
Your +2 hat unmelds from your body.
Your +0 chain mail unmelds from your body.
Duvessa zaps a wand.
You resist with some effort. Dowan casts a spell at you.
The puff of flame hits you. You block Duvessa's attack.
You block Dowan's attack.
You slash Dowan!
You kill Dowan!
Duvessa screams in rage.
Duvessa goes berserk!
You barely miss Duvessa. Duvessa barely misses you. You furiously retaliate!
You headbutt Duvessa! Duvessa closely misses you.
Unknown command.
Duvessa attacks as you move away!
Duvessa hits you with a +3 short sword of venom.
You are poisoned.
You feel very sick.
Duvessa rages.
Things that are here:
a +0 dagger; a +0 robe You barely miss Duvessa.
You headbutt Duvessa.
Duvessa is moderately wounded.
You feel very sick.
Duvessa hits you with a +3 short sword of venom!
Duvessa barely misses you. You furiously retaliate!
You headbutt Duvessa. You hit Duvessa but do no damage. You headbutt Duvessa.
Duvessa is heavily wounded.
You feel sick.
Duvessa hits you with a +3 short sword of venom!
* * * LOW HITPOINT WARNING * * *
You are more poisoned.
Duvessa hits you with a +3 short sword of venom!
* * * LOW HITPOINT WARNING * * *
You are more poisoned.
You feel better. Duvessa closely misses you.
You closely miss Duvessa.
Duvessa is heavily wounded.
Duvessa hits you with a +3 short sword of venom!
You die...

*,,,,,,,,,,,#............
*...8.,,,,,,+............
*......,,,,,#............
*.8.∩.8,,,,,#............
*......,,,,,#............
**...8..###+##............
*,.............########+##
*,.............#,,,*,,,,,,
*,.......@.....#,,,*,,,,,,
*,.......e.....#,,,*,,,,,,
*,.............#,,,**,**,,
**######.......#,,,**,**,,
#.......#,,,,,,,,,,
#.......#,,,,,,,,,,
#.......#,,,,,,,,,,
**#.......#,**,,,**,,
*,....#####,**,,,**,,


You could see Duvessa (berserk).

Vanquished Creatures
  A phantom (D:4)
  Dowan (D:4)
  An orc priest (D:3)
  An orc wizard (D:3)
  Terence (D:3)
  3 adders
  A gnoll (D:1)
  3 worms
  3 dart slugs
  6 orcs
  3 ball pythons
  7 endoplasms
  3 giant cockroaches (D:2)
  10 goblins
  6 hobgoblins
  4 jackals (D:3)
  2 quokkas (D:2)
  7 bats
  2 frilled lizards
  3 kobolds
  12 rats
80 creatures vanquished.

Vanquished Creatures (others)
  4 plants (D:3)
4 creatures vanquished.

Grand Total: 84 creatures vanquished

Notes
Turn   | Place    | Note
-------+----------+-------------------------------------------
     0 | D:1      | bmack86 the Minotaur Fighter began the quest for the Orb.
     0 | D:1      | Reached XP level 1. HP: 19/19 MP: 0/0
    76 | D:1      | Reached XP level 2. HP: 27/27 MP: 1/1
   281 | D:1      | Reached skill level 3 in Axes
   387 | D:1      | Reached XP level 3. HP: 28/33 MP: 2/2
  1188 | D:2      | Found Ratzus's Antique Armour Shop.
  1330 | D:2      | Found Vonesk's Antique Armour Boutique.
  1339 | D:2      | Reached XP level 4. HP: 35/40 MP: 3/3
  1695 | D:3      | Reached skill level 4 in Axes
  1702 | D:3      | Found Daitaj's Antique Armour Boutique.
  1704 | D:3      | Reached XP level 5. HP: 47/47 MP: 4/4
  1781 | D:3      | Reached skill level 1 in Throwing
  1782 | D:3      | Noticed Terence
  1793 | D:3      | Killed Terence
  2395 | D:4      | Noticed a phantom
  2401 | D:4      | Found a sand-covered staircase.
  2401 | D:4      | Noticed Duvessa
  2401 | D:4      | Noticed Dowan
  2408 | D:4      | Killed a phantom
  2409 | D:4      | Reached skill level 5 in Axes
  2409 | D:4      | Reached XP level 6. HP: 53/53 MP: 5/5
  2416 | D:4      | Killed Dowan
  2419 | D:4      | HP: 2/55 [Duvessa/+3 short sword of venom (12)]
  2421 | D:4      | Slain by Duvessa

Illustrated notes

Levels and vault maps discovered:
D:1:      dpeg_arrival_ternary, layout_basic, hangedman_decor_growths,
          minmay_rat_gold_closets
D:2:      layout_basic, serial_shops, nicolae_shop_window_shopping,
          nicolae_shop_advertising_works [nicolae_subvault_shop_adworks],
          kennysheep_boxes
D:3:      layout_basic, serial_shops, nicolae_shop_window_shopping,
          serial_bayou_lagoon_b, uniq_terence
D:4:      layout_gridville, kennysheep_mini, nicolae_ossuary_entry_monument,
          serial_shops, shop, chequers_serial_rivers_micro_a, uniq_duvessa

Skill      XL: |  1  2  3  4  5 |
---------------+----------------+-----
Axes           | 3 4 5 |  5.2
Fighting       | 4 |  4.8
Armour         | 4 |  4.9
Shields        | 4 |  4.8
Throwing       | 1 |  1.6

Action                     |  1- 3 |  4- 6 || total
---------------------------+-------+-------++-------
  Melee: War axe           |    68 |   102 ||   170
         Headbutt          |    10 |    16 ||    26
    Use: Scroll            |     2 |     4 ||     6
         Potion            |       |     1 ||     1
 Armour: Scale mail        |    13 |       ||    13
         Chain mail        |    27 |    81 ||   108
         Skin              |       |    18 ||    18
  Dodge: Dodged            |    27 |    60 ||    87
  Block: Buckler           |    16 |    32 ||    48

Table legend: (Time is in decaauts)
 A = Elapsed time spent in this place.
 B = Non-inter-level travel time spent in this place.
 C = Inter-level travel time spent in this place.
 D = Time resting spent in this place.
 E = Time spent auto-exploring this place.
 F = Levels seen in this place.
 G = Mean time per level.
                   A        B        C        D        E       F      G
               +--------+--------+--------+--------+--------+-----+--------+
         Total |   2496 |   2414 |     82 |    101 |   1391 |   4 |  624.0 |
       Dungeon |   2496 |   2414 |     82 |    101 |   1391 |   4 |  624.0 |
               +--------+--------+--------+--------+--------+-----+--------+

Top non-repeatable levels by time:
     D:1: 966 daAuts
     D:2: 752 daAuts
     D:3: 654 daAuts
     D:4: 122 daAuts
